 Dungeon Crawl Stone Soup version 0.19-a0-1821-g42c593c (webtiles) character file.

74104 Amnesiac the Bludgeoner (level 15, -1/163 HPs)
             Began as an Ogre Abyssal Knight on Oct 6, 2016.
             Was the Champion of Lugonu.
             Slain by a black mamba (12 damage)
             ... on level 4 of the Snake Pit.
             The game lasted 00:39:23 (24097 turns).

Amnesiac the Bludgeoner (Ogre Abyssal Knight)      Turns: 24097, Time: 00:39:24

Health: -1/163     AC: 26    Str: 21    XL:     15   Next: 45%
Magic:  21/21      EV: 14    Int: 11    God:    Lugonu [******]
Gold:   1180       SH:  0    Dex: 16    Spells: 7 memorised, 11 levels left

rFire  x . .     SeeInvis .     s - +4 dire flail (venom)
rCold  + + .     Gourm    .     f - +0 ice dragon armour
rNeg   . . .     Faith    .     (shield currently unavailable)
rPois  +         Spirit   .     k - +2 hat
rElec  .         Dismiss  .     J - +2 cloak {rPois}
rCorr  .         Reflect  .     (gloves unavailable)
MR     +....     Harm     .     (boots unavailable)
Stlth  ..........               (no amulet)
                                a - +4 ring of protection
                                r - +3 ring of protection

@: no status effects
A: unfitting armour, beak, hooves 1, agile 1, tough skin 1
a: Depart the Abyss, Bend Space, Banish, Corrupt, Enter the Abyss, Renounce
Religion


You were on level 4 of the Snake Pit.
You worshipped Lugonu.
Lugonu was exalted by your worship.
You were very hungry.

You visited 3 branches of the dungeon, and saw 19 of its levels.
You visited the Abyss 1 time.

You collected 1180 gold pieces.

Inventory:

Hand Weapons
 i - a +7 giant spiked club of distortion
 s - a +4 dire flail of venom (weapon)
 Z - a +3 scimitar of flaming
Missiles
 Q - 3 tomahawks
 R - a javelin (quivered)
Armour
 f - a +0 ice dragon armour (worn)
 k - a +2 hat (worn)
 J - a +2 cloak of poison resistance (worn)
Jewellery
 a - a +4 ring of protection (right hand)
 b - an uncursed ring of protection from magic
 r - a +3 ring of protection (left hand)
Wands
 u - a wand of lightning (6/15)
 A - a wand of disintegration (13/24)
 G - a wand of iceblast (6/15)
 N - a wand of paralysis (3/24)
 W - a wand of enslavement (13/24)
Scrolls
 n - 9 scrolls of remove curse
 o - a scroll of magic mapping
 p - 10 scrolls of teleportation
 v - a scroll of fear
 x - a scroll of amnesia
 y - a scroll of random uselessness {unknown}
 z - 4 scrolls of identify
 F - a scroll of recharging {unknown}
 H - a scroll of fog
 K - a scroll of enchant weapon
 M - a scroll of enchant armour
 T - 2 scrolls of blinking
 Y - a scroll of holy word
Potions
 d - 2 potions of magic
 e - 4 potions of degeneration {unknown}
 j - 4 potions of flight {unknown}
 l - a potion of berserk rage {unknown}
 m - 3 potions of agility {unknown}
 q - a potion of invisibility {unknown}
 t - a potion of curing
 w - a potion of cure mutation {unknown}
 E - a potion of cancellation
 I - a potion of lignification {unknown}
 L - a potion of might
 O - 3 potions of haste
 S - a potion of heal wounds
 X - 2 potions of brilliance
Comestibles
 c - 7 bread rations
 g - 18 fruits
 h - 5 meat rations
 C - 5 beef jerkies
 D - 8 slices of pizza
 P - 2 royal jellies


   Skills:
 - Level 14.0 Fighting
 + Level 17.4 Maces & Flails
 - Level 12.0 Throwing
 - Level 9.0 Armour
 - Level 10.4 Dodging
 - Level 4.0 Spellcasting
 - Level 3.0 Charms
 - Level 3.0 Air Magic
 - Level 2.0 Invocations


You had 11 spell levels left.
You knew the following spells:

 Your Spells              Type           Power        Failure   Level  Hunger
a - Repel Missiles        Chrm/Air       #.....       30%         2    ##.....
b - Summon Small Mammal   Summ           #...         69%         1    #......
c - Confusing Touch       Hex            #.....       69%         1    #......
d - Animate Skeleton      Necr           N/A          69%         1    #......
e - Apportation           Tloc           #.........   69%         1    #......
f - Dazzling Spray        Conj/Hex       #.....       99%         3    ###....
w - Swiftness             Chrm/Air       #.......     30%         2    ##.....


Dungeon Overview and Level Annotations

Branches:
Dungeon (11/15)            Temple (0/1) D:4            Lair (4/6) D:9
 Shoals (0/4) Lair:3        Snake (4/4) Lair:4          Orc (0/2) D:11

Altars:
Nemelex Xobeh
Uskayaw
Yredelemnul

Shops:
D:7 (   Snake:1 !=}=


Innate Abilities, Weirdness & Mutations

You are too large for most types of armour.
You have tough skin. (AC +1)
You have a beak for a mouth.
You have large cloven feet.
You are agile. (Dex +2)


Message History

The black mamba looks more healthy.
The salamander mystic casts a spell at you.
The orb of energy hits you!
* * * LOW HITPOINT WARNING * * *
The black mamba closely misses you.
The naga sharpshooter gestures wildly while chanting.
The naga sharpshooter magically shoots an arrow.
The arrow hits you but does no damage.
Things that are here:
2 arrows; a bolt The black mamba bites you.
* * * LOW HITPOINT WARNING * * *
The salamander mystic gestures at something while chanting.
The salamander mystic casts a spell at something.
The black mamba bites you but does no damage.
There is a stone staircase leading up here.
The black mamba misses you.
The guardian serpent coils itself and performs some mystic snake dance.
The naga warrior blinks!
The naga blinks into view!
The black mamba bites you!
You die...

#### ####.##.##...### #...
...###....##.)....(.### ##.#.
...)))..N§####)..##...## #..#.
#.####..........)####..## ##....
#..########....##(......####....#
##..####..##...##().....##...##.#
##..##....#.)(S........##..##...
##.##....#..#S.N.##...##.....##
##(#..§†.#.†#N@.....#........#
#..#.N#..#SN###N).##.......###
##.#(N#.S##)# ###..#.......#
#.#.N#..#NN####.((.......##
###.S#..................##
#..#.........#........#
#N.#...S.....#(..#....#
...#...#.#..........###
....##......[.#......####


You could see a naga warrior, a salamander mystic, a guardian serpent, a black
mamba and a naga.

Vanquished Creatures
  Kirke (Snake:2)
  2 nagarajas
  Roxanne (Snake:2)
  Aizul (Snake:2)
  5 naga warriors
  Harold (D:10)
  2 hydras
  Fannar (Lair:1)
  Erica (Lair:1)
  6 anacondas
  5 shock serpents
  9 naga sharpshooters
  Nergalle (D:10)
  2 salamander mystics
  A hill giant (D:10)
  3 naga ritualists
  Pikel (D:5)
  6 mana vipers
  A deep elf mage (D:10)
  An oklob plant (Lair:3)
  7 salamanders
  An ice statue (D:11)
  28 black mambas
  4 guardian serpents
  11 naga magi
  Joseph (D:8)
  A rime drake (Lair:4)
  9 spiny frogs
  4 komodo dragons
  A hornet (D:11)
  5 blink frogs (Lair:3)
  9 hippogriffs
  Sigmund (D:6)
  A wyvern (Lair:2)
  27 yaks
  A vampire (D:9)
  A basilisk (Lair:4)
  2 hungry ghosts
  Grum (D:10)
  A human (D:6)
  33 nagas
  10 hogs
  Menkaure (D:5)
  3 steam dragons
  A warg (D:11)
  3 water moccasins
  4 orc warriors
  A porcupine (Lair:1)
  2 sky beasts
  4 slaves (D:5)
  2 phantoms
  An ice beast (D:6)
  4 ogres
  An eye of draining (D:8)
  5 centaurs
  A necrophage (D:10)
  8 wolves
  8 crocodiles
  11 bullfrogs
  A gnoll sergeant (D:9)
  A scorpion (Lair:2)
  4 killer bees (D:10)
  13 wights
  A howler monkey (D:11)
  5 electric eels
  A bullfrog zombie (D:5)
  2 crimson imps
  4 centaur zombies
  3 jellies
  A lava snake (D:10)
  A quasit (D:7)
  4 hounds
  A centaur skeleton (D:8)
  5 orc priests
  A bullfrog skeleton (D:8)
  7 iguanas
  2 orc wizards
  9 worker ants
  A killer bee zombie (D:8)
  2 hound skeletons
  A howler monkey zombie (D:5)
  A worker ant zombie (D:9)
  7 gnolls
  A howler monkey skeleton (D:4)
  14 adders
  3 shadow imps
  An ooze (D:1)
  2 worms
  3 dart slugs
  5 leopard geckos
  27 orcs
  6 giant cockroaches
  9 goblins
  11 hobgoblins
  9 jackals
  4 kobolds
  6 quokkas
  A ball python (D:1)
  11 bats
  8 frilled lizards
  A leopard gecko skeleton (D:8)
  8 rats
  2 plants
480 creatures vanquished.

Vanquished Creatures (others)
  2 black mambas
  A naga (Snake:3)
  A hound (D:11)
  6 plants
10 creatures vanquished.

Grand Total: 490 creatures vanquished

Notes
Turn   | Place    | Note
-------+----------+-------------------------------------------
     0 | Abyss:1  | Amnesiac the Ogre Abyssal Knight began the quest for the Orb.
     0 | Abyss:1  | Reached XP level 1. HP: 24/24 MP: 2/2
    11 | Abyss:1  | Found a corrupted altar of Lugonu.
    61 | D:1      | Escaped the Abyss
   115 | D:1      | Reached skill level 3 in Maces & Flails
   183 | D:1      | Reached XP level 2. HP: 32/32 MP: 3/3
   385 | D:1      | Reached skill level 4 in Maces & Flails
   427 | D:1      | You fall through a shaft!
   555 | D:1      | Found a sparkling altar of Nemelex Xobeh.
   671 | D:1      | Reached ** piety under Lugonu
   757 | D:1      | Reached XP level 3. HP: 38/39 MP: 4/4
  1029 | D:2      | Reached skill level 5 in Maces & Flails
  1440 | D:2      | Reached XP level 4. HP: 33/48 MP: 5/5
  1739 | D:2      | Reached skill level 6 in Maces & Flails
  2510 | D:3      | Reached XP level 5. HP: 51/54 MP: 6/6
  2765 | D:2      | Reached skill level 7 in Maces & Flails
  2829 | D:2      | Reached *** piety under Lugonu
  3576 | D:4      | Noticed an ogre
  3588 | D:4      | Killed an ogre
  3588 | D:4      | Reached skill level 8 in Maces & Flails
  3588 | D:4      | Reached XP level 6. HP: 60/62 MP: 7/7
  3798 | D:4      | Reached skill level 9 in Maces & Flails
  3959 | D:4      | Found a staircase to the Ecumenical Temple.
  4374 | D:4      | Reached XP level 7. HP: 54/70 MP: 8/8
  4406 | D:5      | Entered Level 5 of the Dungeon
  4603 | D:5      | Noticed Menkaure
  4610 | D:5      | Killed Menkaure
  4610 | D:5      | Reached skill level 5 in Fighting
  4610 | D:5      | Reached skill level 10 in Maces & Flails
  5063 | D:5      | Reached XP level 8. HP: 56/81 MP: 9/9
  5706 | D:5      | Noticed Pikel
  6015 | D:5      | Killed Pikel
  6015 | D:5      | Reached skill level 12 in Maces & Flails
  6179 | D:6      | Noticed Sigmund
  6195 | D:6      | Killed Sigmund
  6319 | D:6      | Reached **** piety under Lugonu
  6319 | D:6      | Reached XP level 9. HP: 97/97 MP: 10/10
  6673 | D:6      | Reached skill level 1 in Throwing
  7060 | D:6      | Reached skill level 5 in Throwing
  7322 | D:7      | Found a basalt altar of Yredelemnul.
  7375 | D:7      | Found Genadik's Antique Weapon Boutique.
  7529 | D:7      | Reached skill level 10 in Fighting
  7833 | D:8      | Reached XP level 10. HP: 108/110 MP: 11/11
  8300 | D:8      | Noticed Joseph
  8325 | D:8      | Killed Joseph
  8788 | D:8      | Reached ***** piety under Lugonu
  8982 | D:8      | Reached skill level 13 in Maces & Flails
  9576 | D:9      | Reached skill level 14 in Maces & Flails
  9738 | D:9      | Found a staircase to the Lair.
 10073 | Lair:1   | Entered Level 1 of the Lair of Beasts
 10107 | Lair:1   | Reached XP level 11. HP: 82/120 MP: 12/12
 10321 | Lair:1   | Noticed Fannar
 10345 | Lair:1   | Killed Fannar
 11026 | Lair:1   | Noticed Erica
 11042 | Lair:1   | Killed Erica
 11356 | D:10     | Entered Level 10 of the Dungeon
 11457 | D:10     | Noticed a hill giant
 11468 | D:10     | Killed a hill giant
 11482 | D:10     | Noticed Harold
 11503 | D:10     | Killed Harold
 11503 | D:10     | Reached skill level 10 in Throwing
 11706 | D:10     | Noticed Grum
 11725 | D:10     | Killed Grum
 11879 | D:10     | Noticed Nergalle
 11893 | D:10     | Killed Nergalle
 11893 | D:10     | Reached XP level 12. HP: 139/139 MP: 13/13
 12148 | D:10     | Identified a scroll of acquirement
 12149 | D:10     | Got a warped hat
 12160 | D:10     | Identified the +0 hat of Rooc {*Slow rC++ MR+ Regen+} (You acquired it on level 10 of the Dungeon)
 12216 | D:10     | Gained mutation: You are agile. (Dex +2) [potion of mutation]
 12216 | D:10     | Gained mutation: You have a beak for a mouth. [potion of mutation]
 12216 | D:10     | Gained mutation: You have large cloven feet. [potion of mutation]
 12883 | D:11     | Found a staircase to the Orcish Mines.
 12978 | D:11     | Learned a level 1 spell: Apportation
 12980 | D:11     | Learned a level 1 spell: Summon Small Mammal
 12982 | D:11     | Learned a level 1 spell: Confusing Touch
 12991 | D:11     | Learned a level 1 spell: Animate Skeleton
 13072 | D:11     | Reached ****** piety under Lugonu
 13096 | D:11     | Identified a +2 giant spiked club of distortion (a +0 giant spiked club corrupted by Lugonu)
 13096 | D:11     | Received a gift from Lugonu
 13677 | Lair:2   | Reached skill level 1 in Armour
 14043 | Lair:2   | Noticed a seven-headed hydra
 14055 | Lair:2   | Killed a seven-headed hydra
 14313 | Lair:3   | Reached skill level 5 in Armour
 14840 | Lair:3   | Found a staircase to the Shoals.
 15387 | Lair:4   | Reached XP level 13. HP: 137/146 MP: 14/14
 15680 | Lair:4   | Found a staircase to the Snake Pit.
 15966 | Lair:4   | Reached skill level 5 in Dodging
 16270 | Snake:1  | Entered Level 1 of the Snake Pit
 16445 | Snake:1  | Found Jintusy's Distillery.
 16873 | Snake:1  | Found a hide-covered altar of Uskayaw.
 17114 | Snake:1  | Found Ycoogarr's Jewellery Emporium.
 17114 | Snake:1  | Found Apext's Gadget Boutique.
 17115 | Snake:1  | Found Ydeany's Jewellery Emporium.
 17211 | Snake:2  | Noticed Aizul
 17319 | Snake:2  | Killed Aizul
 17319 | Snake:2  | Reached skill level 15 in Maces & Flails
 17346 | Snake:2  | HP: 7/146 [poisoned by Aizul (poison arrow)]
 17352 | Snake:2  | HP: 7/146 [poisoned by Aizul (poison arrow)]
 18047 | Snake:2  | Noticed Roxanne
 18085 | Snake:2  | Killed Roxanne
 18085 | Snake:2  | Reached skill level 16 in Maces & Flails
 18086 | Snake:2  | Identified Roxanne's Incunabulum of the Rocks (You took it off Roxanne on level 2 of the Snake Pit)
 18094 | Snake:2  | Learned a level 2 spell: Repel Missiles
 18097 | Snake:2  | Learned a level 2 spell: Swiftness
 18317 | Snake:2  | Reached skill level 1 in Spellcasting
 18344 | Snake:2  | Reached skill level 1 in Charms
 18344 | Snake:2  | Reached skill level 1 in Air Magic
 18622 | Snake:2  | Reached XP level 14. HP: 130/156 MP: 16/19
 18788 | Snake:2  | Noticed Kirke
 18807 | Snake:2  | Killed Kirke
 20014 | Snake:3  | Noticed a nagaraja
 20038 | Snake:3  | Killed a nagaraja
 21144 | Snake:3  | Learned a level 3 spell: Dazzling Spray
 22566 | Snake:4  | Entered Level 4 of the Snake Pit
 22775 | Snake:4  | Reached XP level 15. HP: 94/163 MP: 9/21
 23152 | Snake:4  | Reached skill level 10 in Dodging
 23322 | Snake:4  | Noticed a nagaraja
 23339 | Snake:4  | Killed a nagaraja
 23948 | Snake:4  | Reached skill level 17 in Maces & Flails
 24097 | Snake:4  | Slain by a black mamba

Vault maps used:
D:1:      shiori_arrival_maze, nemelex_diamond_rough_becter
D:2:      first_bread, kennysheep_nondescript
D:5:      uniq_menkaure, uniq_pikel
D:6:      uniq_sigmund
D:7:      serial_shops, nicolae_shop_overgrown_old_shop, grunt_livestock,
          yredelemnul_altar_generic
D:8:      serial_bayou_lagoon_a, uniq_joseph
D:9:      david_lair_shrubbed
D:10:     kennysheep_island_fort, uniq_nergalle, uniq_grum, uniq_harold
D:11:     david_orc_3, minivault_16
Lair:1:   lemuel_fruit_tree, infiniplex_staircase_pool_2, uniq_fannar,
          uniq_erica
Lair:3:   shoals_dummy_entry, ldierk_geyser
Lair:4:   guppyfry_snake_entry_garden
Snake:1:  basic_altar, serial_shops, shop_statue, minmay_shop_grove,
          grunt_megastairs_3
Snake:2:  serial_bayou_shore_b, serial_bayou_shore_b, uniq_aizul, uniq_kirke,
          uniq_roxanne
Snake:3:  serial_bayou_pond_a
Snake:4:  grunt_snake_rune_serpentine_throne, grunt_ministairs_1
Abyss:1:  hangedman_abyss_feature_spike

Skill      XL: |  1  2  3  4  5  6  7  8  9 10 11 12 13 14 15 |
---------------+----------------------------------------------+-----
Maces & Flails | 3 4 5 6 8 9 10 12 14 16 17 | 17.4
Fighting       | 5 8 10 11 14 | 14.0
Throwing       | 7 8 10 12 | 12.0
Armour         | 6 9 |  9.0
Dodging        | 6 9 10 | 10.4
Spellcasting   | 3 4 |  4.0
Charms         | 1 3 |  3.0
Air Magic      | 1 3 |  3.0
Invocations    | |  2.0

Action                   |  1- 3 |  4- 6 |  7- 9 | 10-12 | 13-15 || total
-------------------------+-------+-------+-------+-------+-------++-------
Melee: Mace              |   145 |   150 |       |       |       ||   295
       Giant club        |       |    43 |   210 |   184 |       ||   437
       Dire flail        |       |       |       |   460 |   915 ||  1375
       Kick              |       |       |       |   102 |   330 ||   432
       Peck              |       |       |       |    64 |   229 ||   293
       Unarmed           |       |       |       |       |     7 ||     7
Throw: Javelin           |       |     2 |     6 |    13 |     1 ||    22
       Tomahawk          |       |       |     7 |    64 |     3 ||    74
       Throwing net      |       |       |       |     1 |       ||     1
 Cast: Repel Missiles    |       |       |       |       |     3 ||     3
Invok: Bend Space        |       |       |       |     3 |       ||     3
       Brand Weapon With |       |       |       |     1 |       ||     1
Evoke: Wand              |       |       |       |     1 |     1 ||     2
  Use: Potion            |     3 |       |       |     1 |     8 ||    12
       Scroll            |       |       |       |    25 |     1 ||    26
 Stab: Sleeping          |       |       |     1 |       |       ||     1
       Distracted        |       |       |     2 |       |       ||     2
  Eat: Chunk             |     2 |     9 |    11 |    27 |    10 ||    59
       Bread ration      |       |       |       |       |     3 ||     3
       Fruit             |       |       |       |       |     3 ||     3
       Royal jelly       |       |       |       |       |     1 ||     1
Armor: Robe              |    48 |    29 |    60 |   122 |       ||   259
       Ice dragon armour |       |       |       |   135 |   384 ||   519
Dodge: Dodged            |    90 |   122 |   106 |   236 |   339 ||   893
       Deflected         |       |       |       |       |    15 ||    15
